Map: Prion Terraces

Players

ShoWTimE - Winner!

  • Race: Protoss Protoss
  • League: Master

Lilbow

  • Race: Protoss Protoss
  • League: Grandmaster

Event: DreamHack ZOWIE Open Leipzig

VOD

https://www.youtube.com/watch?v=4muFSHkDJWs

Description

Time

  • Played on: Jan. 22, 2016, 2:21 p.m.
  • Length: 15:23

All games in this series

Show
View Real Time Build Order
Export as new Build Order

ShoWTimE Protoss - Winner!

Build Orders: 1 Gate Expand, Zealot Archon, Dark Templar Rush 

Get SALT Encoding   

  12  0:00  Probe (Chrono Boost)  
  13  0:11  Probe (Chrono Boost)  
  14  0:17  Pylon  
  14  0:22  Probe (Chrono Boost)  
  15  0:36  Probe (Chrono Boost), Gateway  
  15  0:41  Assimilator  
  16  0:46  Probe (Chrono Boost)  
  18  0:57  Probe (Chrono Boost)  
  18  1:07  Probe (Chrono Boost)  
  19  1:19  Nexus  
  19  1:28  Cybernetics Core  
  19  1:32  Probe (Chrono Boost)  
  20  1:38  Assimilator  
  20  1:42  Probe (Chrono Boost)  
  21  1:50  Pylon  
  21  1:53  Probe (Chrono Boost)  
  22  2:03  Probe (Chrono Boost)  
  22  2:05  Warp Gate  
  22  2:08  Adept  
  25  2:14  Probe (Chrono Boost)  
  26  2:20  Twilight Council  
  26  2:24  Probe (Chrono Boost)  
  27  2:32  Probe (Chrono Boost)  
  27  2:35  Adept  
  30  2:38  Mothership Core (Chrono Boost)  
  30  2:42  Probe (Chrono Boost)  
  33  2:53  Probe (Chrono Boost)  
  33  2:57  Probe (Chrono Boost)  
  35  3:03  Probe (Chrono Boost)  
  35  3:05  Dark Shrine  
  36  3:07  Probe (Chrono Boost)  
  36  3:08  Gateway  
  37  3:14  Probe (Chrono Boost)  
  37  3:18  Probe (Chrono Boost)  
  39  3:21  Pylon  
  39  3:24  Probe (Chrono Boost)  
  40  3:28  Probe (Chrono Boost)  
  40  3:34  Pylon  
  41  3:35  Probe (Chrono Boost)  
  41  3:39  Probe (Chrono Boost)  
  41  3:41  Robotics Facility  
  43  3:45  Probe (Chrono Boost)  
  44  3:49  Probe (Chrono Boost)  
  44  3:55  Pylon  
  45  3:56  Probe (Chrono Boost)  
  45  4:00  Probe (Chrono Boost)  
  47  4:07  Probe (Chrono Boost), Pylon  
  48  4:10  Probe (Chrono Boost), Assimilator  
  48  4:16  Assimilator  
  49  4:17  Dark Templar x2, Probe (Chrono Boost)  
  49  4:21  Probe (Chrono Boost)  
  55  4:26  Probe (Chrono Boost)  
  55  4:27  Pylon  
  55  4:29  Observer (Chrono Boost)  
  57  4:38  Probe x2  
  59  4:48  Observer (Chrono Boost)  
  59  4:50  Probe x2  
  57  5:01  Probe  
  57  5:02  Probe  
  59  5:10  Immortal (Chrono Boost)  
  59  5:12  Probe  
  64  5:14  Probe  
  64  5:16  Nexus  
  63  5:25  Pylon  
  63  5:29  Gateway  
  63  5:31  Gateway  
  63  5:32  Charge (Chrono Boost)  
  63  5:36  Sentry, Stalker  
  67  5:44  Pylon  
  67  5:49  Gateway  
  67  5:51  Gateway  
  67  5:52  Immortal  
  67  5:55  Probe  
  67  5:56  Probe  
  73  6:06  Gateway  
  73  6:07  Forge  
  73  6:09  Probe  
  73  6:10  Probe  
  75  6:15  Templar Archives  
  75  6:21  Probe  
  75  6:22  Probe  
  75  6:24  Zealot x2  
  81  6:30  Pylon  
  81  6:37  Pylon  
  81  6:39  Pylon  
  79  6:50  Zealot x5  
  85  6:55  Immortal  
  85  7:01  Zealot  
  85  7:06  Gateway  
  87  7:10  Protoss Ground Weapons Level 1 (Chrono Boost)  
  87  7:12  Zealot x4, High Templar x2  
  99  7:16  Pylon, Archon  
  99  7:22  Photon Cannon  
  99  7:23  Zealot  
  101  7:31  Warp Prism  
  101  7:32  High Templar  
  101  7:33  Zealot x2, High Templar  
  111  7:37  Archon  
  111  7:44  Zealot x3, Pylon  
  113  7:50  Photon Cannon  
  117  7:59  Photon Cannon  
  117  8:00  High Templar x2  
  117  8:04  Archon  
  117  8:05  Zealot x2  
  123  8:06  Zealot x3  
  129  8:24  Zealot  
  119  8:32  Zealot x3, High Templar x2  
  119  8:33  Zealot  
  127  8:37  Archon, Robotics Facility, Assimilator  
  127  8:38  Probe, Zealot, Pylon  
  127  8:40  Probe x2  
  132  8:41  Assimilator  
  132  8:48  Zealot  
  132  8:49  Probe  
  132  8:52  Probe  
  132  9:00  Zealot x5  
  140  9:05  Pylon, Zealot x2  
  140  9:06  Immortal  
  140  9:09  Protoss Ground Weapons Level 2 (Chrono Boost)  
  148  9:23  High Templar x2  
  148  9:24  Zealot x4  
  154  9:28  Pylon  
  154  9:29  Archon  
  154  9:30  Zealot, Photon Cannon  
  162  9:44  Pylon, High Templar x2  
  162  9:46  Pylon  
  162  9:47  Immortal (Chrono Boost)  
  162  9:48  Archon  
  162  9:51  Immortal (Chrono Boost)  
  170  9:56  Zealot  
  172  10:06  Nexus  
  172  10:10  Pylon, High Templar  
  172  10:11  Zealot x2, High Templar  
  180  10:15  Zealot, Archon  
  180  10:20  Photon Cannon  
  181  10:23  Observer (Chrono Boost)  
  168  10:31  Zealot x4  
  168  10:32  Zealot  
  134  10:38  Immortal (Chrono Boost)  
  120  10:44  Zealot x2  
  116  10:56  Stargate  
  116  10:58  Stargate  
  116  11:03  High Templar  
  116  11:04  Zealot x3, High Templar  
  118  11:10  Archon  
  124  11:16  Immortal  
  124  11:20  Immortal  
  124  11:25  Dark Templar  
  134  11:32  Photon Cannon  
  134  11:35  Protoss Ground Weapons Level 3 (Chrono Boost)  
  134  11:42  Phoenix x2 (Chrono Boost)  
  134  11:44  Zealot x3  
  134  11:45  Zealot  
  146  11:54  Immortal  
  146  11:55  Zealot x3  
  156  12:03  Immortal  
  164  12:15  Phoenix x2 (Chrono Boost)  
  164  12:24  Zealot x2  
  164  12:25  Zealot x2  
  164  12:28  Immortal, Zealot x2  
  160  12:37  Phoenix (Chrono Boost)  
  160  12:38  High Templar x2  
  160  12:41  Assimilator  
  164  12:44  Assimilator  
  164  12:46  Immortal  
  164  12:49  Zealot x2  
  172  12:57  Zealot x3  
  176  12:58  Archon  
  176  13:03  Zealot  
  176  13:04  Observer  
  178  13:10  Zealot x2  
  178  13:11  Zealot  
  185  13:15  Zealot  
  187  13:25  Zealot x4  
  151  13:33  Zealot x2  
  151  13:34  Zealot  
  119  13:39  Zealot  
  107  13:46  High Templar x2  
  107  13:48  Zealot x2  
  100  13:50  Archon  
  100  13:54  Dark Templar  
  100  13:55  Dark Templar, Zealot  
  106  13:56  Mothership Core (Chrono Boost)  
  108  14:08  High Templar  
  108  14:09  Gateway x2, High Templar  
  110  14:13  Archon x2  
  110  14:14  Zealot  
  110  14:15  Pylon  
  112  14:19  High Templar x2  
  112  14:20  Zealot  
  118  14:27  Pylon, Archon  
  118  14:28  Pylon  
  118  14:31  High Templar x2  
  118  14:35  Archon  
  122  14:40  Observer  
  122  14:44  Zealot  
  122  14:45  Zealot x3  
  114  14:46  Observer  
  109  14:55  Zealot x2  
  113  15:04  Zealot x3  
  113  15:05  Zealot x4  
  126  15:13  Photon Cannon  
  130  15:14  Photon Cannon  
  130  15:19  Zealot  
Show
View Real Time Build Order
Export as new Build Order

Lilbow Protoss 

Build Orders: 1 Gate Expand, Blink Stalkers, Dark Templar Rush 

Get SALT Encoding   

  12  0:00  Probe (Chrono Boost)  
  13  0:11  Probe (Chrono Boost)  
  14  0:17  Pylon  
  14  0:22  Probe (Chrono Boost)  
  15  0:36  Gateway, Probe (Chrono Boost)  
  15  0:41  Assimilator  
  16  0:46  Probe (Chrono Boost)  
  18  0:57  Probe (Chrono Boost)  
  18  1:07  Probe (Chrono Boost)  
  19  1:17  Nexus  
  19  1:28  Cybernetics Core  
  19  1:30  Probe (Chrono Boost)  
  20  1:34  Assimilator  
  20  1:41  Probe (Chrono Boost)  
  20  1:44  Pylon  
  21  1:51  Probe (Chrono Boost)  
  22  2:01  Probe (Chrono Boost)  
  22  2:04  Adept (Chrono Boost)  
  22  2:05  Warp Gate  
  25  2:13  Probe  
  26  2:20  Twilight Council  
  26  2:25  Probe  
  26  2:28  Probe (Chrono Boost), Adept (Chrono Boost)  
  30  2:37  Probe (Chrono Boost)  
  30  2:40  Probe (Chrono Boost)  
  32  2:46  Assimilator  
  32  2:48  Probe (Chrono Boost)  
  32  2:51  Probe (Chrono Boost)  
  34  2:56  Dark Shrine  
  34  2:59  Probe (Chrono Boost)  
  34  3:01  Probe (Chrono Boost)  
  36  3:07  Pylon  
  36  3:09  Probe (Chrono Boost)  
  36  3:12  Probe (Chrono Boost)  
  38  3:20  Mothership Core (Chrono Boost)  
  38  3:21  Stalker  
  38  3:23  Probe (Chrono Boost)  
  42  3:33  Probe (Chrono Boost)  
  43  3:36  Robotics Facility  
  43  3:38  Probe (Chrono Boost)  
  44  3:44  Probe (Chrono Boost)  
  44  3:47  Blink  
  45  3:49  Probe (Chrono Boost)  
  45  3:50  Pylon  
  45  3:54  Probe (Chrono Boost)  
  47  4:00  Probe (Chrono Boost)  
  47  4:02  Assimilator  
  48  4:05  Probe (Chrono Boost)  
  48  4:08  Dark Templar  
  51  4:10  Probe (Chrono Boost)  
  51  4:15  Probe (Chrono Boost)  
  53  4:18  Pylon  
  53  4:20  Pylon  
  53  4:21  Pylon  
  53  4:24  Pylon  
  53  4:25  Observer (Chrono Boost)  
  53  4:28  Probe x2  
  56  4:40  Probe x2  
  56  4:42  Gateway  
  56  4:44  Gateway  
  58  4:49  Sentry  
  58  4:52  Probe  
  61  4:54  Probe  
  60  5:04  Immortal (Chrono Boost), Probe  
  60  5:06  Probe  
  66  5:10  Gateway  
  63  5:16  Stalker, Probe  
  63  5:18  Probe  
  66  5:30  Nexus  
  66  5:33  Probe, Pylon  
  68  5:36  Pylon  
  68  5:38  Observer (Chrono Boost)  
  68  5:39  Stalker x2  
  68  5:41  Sentry  
  74  5:45  Gateway  
  74  5:51  Gateway  
  74  5:56  Observer (Chrono Boost)  
  75  6:03  Probe x2  
  77  6:04  Stalker x3  
  77  6:11  Gateway  
  83  6:17  Warp Prism (Chrono Boost)  
  85  6:28  Stalker x3  
  83  6:59  Stalker x2, Probe x2  
  83  7:00  Stalker x3  
  91  7:01  Probe  
  91  7:03  Robotics Bay  
  91  7:05  Assimilator  
  92  7:09  Assimilator  
  92  7:11  Probe x2  
  92  7:12  Sentry, Probe  
  92  7:14  Charge  
  97  7:16  Pylon  
  97  7:17  Pylon  
  97  7:23  Probe x3  
  100  7:35  Probe x2, Zealot x4  
  100  7:36  Zealot x2  
  114  7:41  Forge  
  114  7:50  Disruptor (Chrono Boost)  
  117  7:57  Pylon  
  117  7:59  Pylon x2  
  117  8:01  Pylon x2  
  117  8:03  Pylon  
  117  8:05  Pylon  
  117  8:07  Pylon x2  
  117  8:16  Protoss Ground Weapons Level 1  
  117  8:17  Probe  
  116  8:21  Dark Templar x2, Disruptor (Chrono Boost)  
  116  8:22  Dark Templar x2  
  116  8:25  Archon  
  116  8:26  Archon  
  123  8:31  Dark Templar x2  
  127  8:40  Photon Cannon  
  127  8:42  Photon Cannon  
  127  8:50  Archon  
  127  8:56  Dark Templar x2, Zealot x2  
  127  9:02  Archon  
  135  9:03  Zealot  
  135  9:04  Zealot  
  135  9:09  Disruptor (Chrono Boost)  
  142  9:13  Photon Cannon  
  140  9:25  Stalker x2  
  140  9:26  Stalker x2  
  140  9:28  Stalker x2  
  152  9:32  Pylon  
  152  9:34  Pylon  
  148  9:51  Zealot x6  
  160  10:12  Zealot x6  
  168  10:34  Zealot x6  
  111  10:49  Observer (Chrono Boost)  
  106  10:57  Zealot x6  
  106  10:59  Protoss Ground Weapons Level 2  
  118  11:05  Gateway  
  118  11:06  Gateway x2  
  122  11:11  Immortal (Chrono Boost)  
  122  11:12  Gateway  
  122  11:18  Dark Templar x2  
  122  11:19  Dark Templar x4  
  122  11:22  Archon  
  122  11:23  Archon x2  
  134  11:26  Nexus  
  134  11:29  Pylon  
  134  11:46  Immortal  
  138  11:49  Dark Templar  
  138  11:50  Dark Templar x2  
  138  11:51  Dark Templar  
  138  11:52  Dark Templar x2  
  150  11:55  Archon x2  
  150  11:56  Archon  
  150  12:00  Photon Cannon x2  
  150  12:05  Dark Templar  
  149  12:09  Dark Templar  
  149  12:10  Zealot  
  152  12:19  Dark Templar  
  152  12:20  Dark Templar  
  148  12:22  Zealot  
  148  12:25  Observer (Chrono Boost)  
  148  12:28  Zealot x2  
  148  12:29  Dark Templar  
  147  12:45  Observer (Chrono Boost)  
  147  12:48  Photon Cannon  
  148  12:56  Archon  
  148  12:57  Dark Templar x3  
  148  12:58  Dark Templar  
  156  13:01  Dark Templar  
  156  13:02  Archon x2  
  156  13:04  Archon  
  158  13:09  Zealot x3  
  158  13:12  Observer (Chrono Boost)  
  156  13:25  Dark Templar x2, Zealot  
  137  13:30  Observer (Chrono Boost)  
  107  13:39  Dark Templar x2, Zealot  
  80  13:49  Archon  
  80  13:56  Stalker x3  
  86  14:10  Dark Templar x2, Zealot  
  92  14:18  Dark Templar, Zealot  
  92  14:21  Zealot  
  98  14:28  Dark Templar  
  98  14:29  Zealot  
  76  14:47  Dark Templar  
  76  14:48  Zealot x4  
  74  15:12  Zealot x6  

Tags
 
Add a new tag
Caveats
  • Supply blocks, unpowered buildings, or Contaminate may cause inaccurate times.
  • Supply counts are checked every 10 seconds.